[Event "Stare Mesto Open-A 2022"]
[Site "Stare Mesto"]
[Date "2022.08.16"]
[Round "5.2"]
[White "Haba, Petr"]
[Black "Husek, Martin"]
[Result "1-0"]
[ECO "E01"]
[WhiteElo "2453"]
[BlackElo "2132"]
[Annotator "TA"]
[PlyCount "114"]
[EventDate "2022.08.12"]
[EventType "swiss"]
[EventCountry "CZE"]
[SourceTitle "playchess.com"]
[Source "ChessBase"]
[SourceQuality "1"]
[TimeControl "40/5400+30:1800+30"]

1. d4 Nf6 2. c4 e6 3. g3 d5 4. Bg2 Bb4+ 5. Bd2 Be7 6. Nf3 c6 7. Qc2 b6 8. b3 Ba6 9. O-O Nbd7 10. a4 $1 {[%emt 0:04:46][%cal Ba2a4,Ba4a5][%mdl 4] is now more promising than 10.Rd1. E15: Queen's Indian: 4 g3 sidelines, 4 g3 Ba6 and 4 g3 Bb7 early deviations.} O-O 11. a5 b5 (11... c5 {feels hotter.} 12. Rc1 Re8 13. Ne5 Qc7) 12. c5 {[%emt 0:00:33] [#] White is slightly better.} b4 $146 ({Predecessor:} 12... Ne4 13. Bb4 Qc7 14. Nfd2 f5 15. e3 e5 16. f3 Nxd2 17. Qxd2 exd4 18. exd4 f4 {0-1 (40) Elsness,F (2447)-Bogner,S (2610) London 2018}) 13. Bxb4 Rb8 14. Be1 Ne4 15. Nc3 f5 16. Na2 Bf6 17. Nb4 Bb5 18. Nd3 Qc7 19. Rd1 g5 20. Nfe5 Bxd3 (20... Bxe5 $11 {remains equal.} 21. dxe5 g4) 21. exd3 Nexc5 {[%emt 0:00:09] [#]} 22. b4 Bxe5 23. dxe5 Na6 24. d4 Nxb4 25. Bxb4 Rxb4 26. Qd2 $1 Rbb8 27. Qxg5+ Kh8 28. Rb1 {[%emt 0:05:37] aiming for Rxb8.} c5 29. Rxb8 {[%emt 0:03:09] White is more active.} Nxb8 (29... Rxb8 $2 30. Qe7 $16) (29... Qxb8 $16 {might work better.} 30. dxc5 (30. Qe7 Qe8 $14) 30... Nxc5) 30. dxc5 $18 (30. Qh6 Re8 $14) 30... Nc6 31. a6 Qxe5 (31... Nb4 $16) 32. Rb1 Rg8 33. Qh6 Nd4 34. Rb7 $2 ({White should play} 34. Qh5 $18) 34... Ne2+ $11 (34... Rg7 $2 35. c6 Nxc6 36. Rxg7 Qxg7 37. Qxe6 $18) 35. Kf1 Qa1+ 36. Kxe2 {[%emt 0:00:17][%csl Gh6][%cal Rb7h7] Chess con chili.} Qxa6+ 37. Ke3 Qxb7 $15 {[%emt 0:00:21][%mdl 4096] Endgame KQR-KQB} 38. Qf6+ Rg7 {[%emt 0:00:41] White must now prevent ...Qe7.} 39. Qf8+ Rg8 40. Qf6+ Qg7 41. Qxe6 f4+ (41... Rd8 $15) 42. Kd3 $11 fxg3 43. fxg3 Qg6+ 44. Qxg6 hxg6 {[%emt 0:00:07] KR-KB} (44... Rxg6 45. Bxd5 h5 46. c6 $16) 45. Kd4 Kg7 $1 46. c6 ({But not} 46. Kxd5 Kf6 47. c6 Rd8+ 48. Kc5 Rd2 $17) 46... Kf6 $1 {[%emt 0:02:39] ...g5 is the strong threat.} 47. Bh3 $1 Rg7 {[%emt 0:00:05] Hoping for ...Rh7.} 48. Kxd5 {[%emt 0:04:48] And now Kd6 would win.} a5 $2 (48... Rh7 $11 49. Bg4 (49. Bd7 Ke7 $11) 49... a5) 49. Kd6 $18 a4 50. Bd7 {[%emt 0:00:27] c7 would kill now.} ({Avoid the trap} 50. c7 $2 {[#]} Rxc7 $3 51. Kxc7 a3 $19) 50... a3 51. c7 Rg8 52. Be6 Re8 53. Ba2 {[%emt 0:01:32] Intending Kd7 and mate.} Kf5 54. Kd7 {[%emt 0:00:14] White mates.} Ra8 55. c8=Q Rxc8 56. Kxc8 Kg4 57. Kd7 g5 {[%emt 0:02:05] Weighted Error Value: White=0.13 (very precise) /Black=0.31} 1-0

[Event "Stare Mesto Open-A 2022"]
[Site "Stare Mesto"]
[Date "2022.08.16"]
[Round "5.3"]
[White "Kostka, Vit"]
[Black "Sramek, Vojtech"]
[Result "1/2-1/2"]
[ECO "C45"]
[WhiteElo "2168"]
[BlackElo "2249"]
[Annotator "TA"]
[PlyCount "36"]
[EventDate "2022.08.12"]
[EventType "swiss"]
[EventCountry "CZE"]
[SourceTitle "playchess.com"]
[Source "ChessBase"]
[SourceQuality "1"]
[TimeControl "40/5400+30:1800+30"]

1. e4 {[%emt 0:00:08] Adams,Michael} e5 2. Nf3 Nc6 3. d4 exd4 4. Nxd4 Nf6 5. Nxc6 bxc6 6. e5 Qe7 7. Qe2 Nd5 8. c4 Ba6 9. b3 O-O-O 10. Bb2 Qg5 {[%emt 0:02:52] [#]} {Predecessor:} 11. Qf3 $146 {C45: Scotch Game.} Bb4+ 12. Kd1 Nf4 13. h4 Qh6 14. g3 Ne6 15. Bc1 Qg6 16. h5 Qc2+ 17. Kxc2 Nd4+ 18. Kd3 Nxf3 {0-1 (28) Smeets,J (2593)-Adams,M (2735) London 2008 CBM 126 [Adams,Michael]} 1/2-1/2

[Event "Stare Mesto Open-A 2022"]
[Site "Stare Mesto"]
[Date "2022.08.16"]
[Round "5.4"]
[White "Mojzis, Jaroslav"]
[Black "Skalsky, Alexandr"]
[Result "1/2-1/2"]
[ECO "A04"]
[WhiteElo "2108"]
[BlackElo "2187"]
[Annotator "TA"]
[PlyCount "212"]
[EventDate "2022.08.12"]
[EventType "swiss"]
[EventCountry "CZE"]
[SourceTitle "playchess.com"]
[Source "ChessBase"]
[SourceQuality "1"]
[TimeControl "40/5400+30:1800+30"]

1. Nf3 g6 2. g3 Bg7 3. d4 Nf6 4. c4 d5 5. cxd5 Nxd5 6. Bg2 Nb6 7. Nc3 Nc6 8. e3 O-O 9. O-O Re8 10. Nh4 e5 11. d5 Nb4 12. e4 c6 13. a3 Na6 14. Be3 (14. Re1 $11) 14... Bf6 (14... cxd5 $15 15. exd5 (15. Nxd5 Nxd5 16. exd5 e4 $11) 15... f5) 15. Qe2 Bxh4 16. gxh4 Qxh4 17. f4 Bg4 18. Qd3 Rad8 (18... Qe7 $11 {keeps the balance.}) 19. fxe5 $16 Rxe5 20. h3 (20. Rf4 $142) 20... Bc8 (20... Bxh3 $2 21. Bf2 Qe7 22. Qxh3 $18) 21. Bd4 Nd7 22. Bxe5 Nxe5 23. Qe3 g5 (23... Re8 $142) 24. Rad1 {[%emt 0:05:52] Black must now prevent dxc6.} Re8 25. Qf2 (25. Ne2 $142) 25... Qxf2+ 26. Rxf2 Nc5 27. Rfd2 {[%emt 0:07:19] Against Ncd3} Nc4 28. Rf2 Ne5 $1 29. Bf1 Ncd7 30. b4 a6 31. a4 g4 32. hxg4 Nxg4 {[%emt 0:00:11] [#]} 33. Rg2 (33. dxc6 $142 $1 bxc6 34. Rfd2 (34. Rg2 Nde5 $16)) 33... Nde5 34. Be2 Kh8 (34... h5 $142) 35. Rd2 h5 36. b5 (36. dxc6 $16 {c7 is the strong threat.} bxc6 37. a5) 36... axb5 (36... cxb5 $14 37. axb5 f5) 37. axb5 cxb5 38. Nxb5 Bd7 39. Nd4 ({White should try} 39. Nd6 $16 Rb8 40. Rb2) 39... Ra8 40. Rg3 ({White should play} 40. Nb3 $16) 40... Ra1+ 41. Kg2 {[%emt 0:30:11] Threatens to win with Nb3.} Ng6 $2 (41... Nf6 $14) 42. Bxg4 $18 hxg4 (42... Bxg4 $142 43. d6 Ra8) 43. Rb3 (43. Nb3 $142 Nh4+ 44. Kf2) 43... Nf4+ (43... b5 $142 44. Nxb5 Ne5) 44. Kg3 Nh5+ 45. Kf2 Nf6 46. Re2 (46. Rxb7 Nxe4+ 47. Ke3 Nxd2 48. Rxd7 Nc4+ 49. Kf4 Rf1+ 50. Kg3 Kg7 $15) 46... Ra4 47. Ke3 (47. Rxb7 Rxd4 48. e5 g3+ 49. Kxg3 Nh5+ 50. Kf3 Bg4+ 51. Ke3 Rxd5 $11) 47... b5 48. Kd3 g3 49. Nxb5 ({White must play} 49. Rg2 $18) 49... Bg4 $2 (49... Nh5 $1 $14) 50. Re3 $2 ({White has to play} 50. Re1 $18) 50... g2 $11 51. Rb1 {[%emt 0:02:49] Hoping for Nc3.} Rb4 52. Ree1 Ra4 $2 (52... Nxd5 $1 $11 53. Rxb4 Nxb4+ 54. Kd2 Bf3) 53. Nc3 $18 Ra3 54. Re3 $2 ({Better is} 54. Ra1 $18 Be2+ 55. Kxe2 (55. Rxe2 Rxa1 56. Rxg2 Nd7 $18) 55... Rxc3 56. d6) 54... Nh5 $2 (54... Nxd5 $1 $14 55. exd5 Bf5+ 56. Kd4 Bxb1 57. Rh3+ Kg8 58. Rg3+ Kf8) 55. Rg1 Nf4+ 56. Kd4 Ra6 (56... Kh7 $142 57. Rg3 Bc8) 57. Rg3 Bh3 58. e5 (58. Ke3 $142 Rf6 59. Ne2) 58... Ra3 (58... Rh6 $142 59. Ke3 Ng6) 59. Rf3 $2 (59. Ke4 $18) 59... Ne2+ $1 $11 60. Nxe2 Rxf3 {[%emt 0:00:02][%mdl 4096] Endgame KRB-KRN} 61. Ke4 Rf1 62. d6 $1 Bg4 $2 (62... Kg7 $11 {and Black has nothing to worry.}) 63. Ke3 $2 (63. Rxg2 $18 Bc8 64. Ng3) 63... Bxe2 (63... Rf3+ $11 64. Ke4 Ra3) 64. d7 $14 Rxg1 65. d8=Q+ {[%emt 0:00:02] KQ-KRB} Kg7 66. Qg5+ ({Reject} 66. Kxe2 Re1+ 67. Kf3 (67. Kxe1 g1=Q+ 68. Ke2 Qh2+ 69. Kf3 Qxe5 $15) 67... g1=R $11) 66... Kf8 67. Qh6+ ({Much worse is} 67. Kxe2 Ra1 68. Qh6+ (68. Qxg2 Ra2+ 69. Kf3 Rxg2 $11) 68... Kg8 69. Qg5+ Kf8 70. Qxg2 Ra2+ 71. Kf3 Rxg2 72. Kxg2 Kg8 $11) 67... Kg8 $2 (67... Ke8 $14) 68. Qh2 $18 {[%emt 0:00:46][%mdl 64] Deflection} Rb1 69. Qxg2+ Kf8 70. Qxe2 {[%emt 0:00:08] KQ-KR} (70. Qa8+ $142 Kg7 71. Qg2+ Kf8 72. Qe4 Rg1 73. Kxe2 Rg6 74. Ke3 Kg7 75. Kf4) 70... Rb6 (70... Rb3+ $18 71. Kd4 Rb6) 71. Qd2 (71. Qg4 $142 Rb3+ 72. Kd2 Rb6 73. Qc8+ Kg7 74. Qd7 Re6 75. Qd4 Kf8 76. Kd3) 71... Re6 (71... Ke7 $18 72. Qc3 Rg6 73. Qc5+ Ke8) 72. Qd8+ Kg7 73. Qg5+ (73. Kd4 $142 Ra6 74. Qe7 Rb6 75. Kd5 Rg6 76. Qd6 $3 Rh6 77. Qd7 Rg6 78. Qf5) 73... Rg6 (73... Kf8 $18 74. Qd8+ Kg7 75. Qg5+ Kf8) 74. Qf5 Kf8 75. Ke4 (75. Qd7 $142 Kg7 76. Kd4 Rh6 77. Kd5 Kg8 78. Qd6 $3 Kg7 79. Qe7 Rg6 80. Qd6 $3 ) 75... Ke7 76. Kd5 Ke8 77. Qc8+ Ke7 78. Qh8 Re6 (78... Ra6 $18 79. Qb8 Rg6) 79. Qh4+ Ke8 80. Qh3 (80. Qa4+ $142 Kf8 81. Qd7 Rg6 82. Qd8+ Kg7 {[#]} 83. Qd6 $3 Rh6 84. Qc5 Rg6 85. Qe7) 80... Rg6 81. Qf5 Ke7 82. Qc8 Rh6 83. Ke4 Rh4+ 84. Kf5 {[%emt 0:00:16] White threatens Qc7+ and mate.} Rh5+ 85. Kf4 Rh6 86. Kg5 {[%emt 0:00:18] Intending Qc7+ and mate.} Re6 87. Qh8 Rc6 88. Kf5 {[%emt 0:01:09] White wants to mate with Qh4+.} Rg6 89. Qc8 Rh6 90. Qb7+ Ke8 91. Ke4 Rg6 92. Kd5 Rh6 93. Qb1 Rg6 94. Qc1 Ke7 95. Qh1 Ke8 96. Qh4 $2 (96. Qb1 $18) 96... Kd7 $2 (96... Re6 $11 {and Black is okay.} 97. Qa4+ Kf8 98. Qb4+ Kg7) 97. Ke4 Ke8 98. Kf5 Ra6 99. Qg5 Rg6 100. Qc1 Ke7 101. Qd2 Ke8 102. Qh2 Ke7 103. Qh3 Ke8 104. Qh4 Ra6 $1 105. Qg5 Rg6 106. Qh4 Ra6 $1 1/2-1/2

[Event "Stare Mesto Open-A 2022"]
[Site "Stare Mesto"]
[Date "2022.08.16"]
[Round "5.5"]
[White "Lojek, Marek"]
[Black "Cerveny, Martin"]
[Result "0-1"]
[ECO "B28"]
[WhiteElo "2142"]
[BlackElo "2396"]
[Annotator "TA"]
[PlyCount "112"]
[EventDate "2022.08.12"]
[EventType "swiss"]
[EventCountry "CZE"]
[SourceTitle "playchess.com"]
[Source "ChessBase"]
[SourceQuality "1"]
[TimeControl "40/5400+30:1800+30"]

1. e4 c5 2. Nf3 a6 3. c4 Nc6 4. d4 cxd4 5. Nxd4 Nf6 6. Nc3 d6 7. Be2 g6 8. Be3 Bg7 9. f3 O-O 10. Qd2 Bd7 11. O-O Re8 12. Rfd1 {[%emt 0:02:36] The main line 12.Rfd1 scores better than 12.Rac1.} Rc8 13. Rac1 Qa5 14. b3 {[%emt 0:03:15] B38: Sicilian: Maroczy Bind with 5...Bg7 and 7...0-0.} h5 15. a4 {[%emt 0:03:20] [#]} h4 $146 ({Predecessor:} 15... Kh7 16. Kh1 Nxd4 17. Bxd4 Bh6 18. Be3 Bxe3 19. Qxe3 Qc5 20. Qf4 g5 21. Qd2 Qe5 {1-0 (77) Wagner,M (1978)-Georg,H (2153) Unna 2016}) 16. Nxc6 {[%emt 0:14:41] White is slightly better.} Bxc6 17. Nd5 Qxd2 18. Nxf6+ exf6 19. Rxd2 f5 20. Rxd6 Bf8 21. Rdd1 Bxe4 22. fxe4 Rxe4 23. Bf3 Rxe3 $15 24. Bxb7 {[%emt 0:01:59] [#]} Bc5 $1 25. Kf1 {[%emt 0:05:16] Inhibits Re1+.} Rb8 26. Bxa6 Rbxb3 27. Rd5 Ba3 28. Rcd1 f4 {[%emt 0:04:38] Black is more active.} 29. Rb5 Rbc3 {[%emt 0:00:39] Hoping for ...h3.} 30. Bb7 Rc2 31. a5 {[%emt 0:00:38] a6 is the strong threat.} Bb2 32. a6 {[%emt 0:01:02] aiming for a7.} Ra3 33. Rxb2 $2 {[%emt 0:01:51][%mdl 8192] Black converts the advantage convincingly.} Rxb2 $11 {[%emt 0:00:06][%mdl 4096] Endgame KRR-KRB} 34. Rc1 h3 35. gxh3 f3 36. Kg1 Rg2+ 37. Kh1 {[%emt 0:00:36] [#]} Rc2 $3 38. Rf1 Rxc4 39. Rxf3 Rc1+ 40. Kg2 Rc2+ 41. Kg3 Ra5 42. Rd3 Kf8 43. Re3 f5 44. h4 Kg7 45. h3 $2 (45. h5) 45... Kf6 {[%emt 0:01:08] Threatens to win with ...Ra4.} 46. Rb3 Rc4 {[%emt 0:02:05] White must now prevent ...Ra1.} 47. Rb6+ $2 (47. Bf3) 47... Kg7 $19 {[%emt 0:02:09] And now ...Ra3+ would win.} 48. Rb3 {[%emt 0:03:48] Against Ra3} Kh6 49. Rd3 Rca4 50. Rd6 Ra3+ 51. Kg2 $2 (51. Bf3) 51... Rb3 {[%emt 0:00:17] ( -> ...Ra2+). Black is clearly winning.} 52. Rd2 {[%emt 0:00:51] Against Ra2} Raa3 53. Bd5 Rg3+ 54. Kf2 Rxh3 55. Kg2 Rxh4 56. Bb7 Rha4 {[%emt 0:00:17] Weighted Error Value: White=0.57/Black=0.16 (very precise)} 0-1

[Event "Stare Mesto Open-A 2022"]
[Site "Stare Mesto"]
[Date "2022.08.16"]
[Round "5.6"]
[White "Vrtal, Jaroslav"]
[Black "Zpevak, Pavel"]
[Result "1/2-1/2"]
[ECO "A46"]
[WhiteElo "2000"]
[BlackElo "2351"]
[Annotator "TA"]
[PlyCount "28"]
[EventDate "2022.08.12"]
[EventType "swiss"]
[EventCountry "CZE"]
[SourceTitle "playchess.com"]
[Source "ChessBase"]
[SourceQuality "1"]
[TimeControl "40/5400+30:1800+30"]

1. d4 Nf6 2. Nf3 e6 3. e3 b6 4. Bd3 Bb7 5. O-O d5 6. b3 Bd6 7. Bb2 Nbd7 8. Nbd2 Ne4 9. c4 O-O 10. Rc1 Qe7 {[%emt 0:06:19] E14: Queen's Indian: Classical Variation (4 e3).} 11. Bb1 f5 12. Ne5 {[%emt 0:03:32] [#]} (12. Bd3 $11) 12... c5 $146 ({Black should try} 12... Nxe5 $15 13. dxe5 Bb4 14. Nxe4 dxe4) ({Predecessor:} 12... Rad8 13. cxd5 exd5 14. Ndf3 f4 15. Qd3 Bxe5 16. dxe5 Ndc5 17. Ba3 Nxd3 18. Bxe7 Nxc1 19. Rxc1 fxe3 20. fxe3 {½-½ (41) Manolache,M (2433)-Parligras,M (2498) Bucharest 2002}) 13. Nxd7 $11 Qxd7 14. Nxe4 dxe4 {[%emt 0:07:27] A balanced but interesting game.  Weighted Error Value: White=0.22 (precise) /Black=0.30} 1/2-1/2

[Event "Stare Mesto Open-A 2022"]
[Site "Stare Mesto"]
[Date "2022.08.16"]
[Round "5.7"]
[White "Horvath, Tomas"]
[Black "Szotkowski, Jakub"]
[Result "1/2-1/2"]
[ECO "B12"]
[WhiteElo "2094"]
[BlackElo "2344"]
[Annotator "TA"]
[PlyCount "92"]
[EventDate "2022.08.12"]
[EventType "swiss"]
[EventCountry "CZE"]
[SourceTitle "playchess.com"]
[Source "ChessBase"]
[SourceQuality "1"]
[TimeControl "40/5400+30:1800+30"]

1. e4 c6 2. d4 d5 3. f3 e6 4. Nc3 Bb4 5. Bf4 Nf6 6. e5 {[%emt 0:02:01] B12: Caro-Kann: Advance Variation.} Nfd7 7. a3 Bxc3+ 8. bxc3 c5 9. Be3 Qa5 10. Qd2 b6 11. Bd3 Ba6 12. f4 {[%emt 0:01:57] [#]} Bxd3 $146 ({Predecessor:} 12... Nc6 13. Nf3 h6 14. O-O g6 15. Rfb1 Rc8 16. Bxa6 Qxa6 17. dxc5 Na5 18. cxb6 Nxb6 19. Bxb6 axb6 {0-1 (65) Carbone,S (1788)-Altomonte,G (1773) St Eufemia d'Aspromonte 2010}) 13. cxd3 cxd4 14. Bxd4 Nc6 15. Ne2 Nc5 16. Bxc5 bxc5 17. O-O g6 18. Qe3 h5 19. c4 {[%emt 0:03:57] Hoping for cxd5.} Ne7 20. Rac1 d4 21. Qf3 Rb8 22. Rb1 O-O {[%emt 0:07:19] Threatens to win with ...Nf5.} 23. Ng3 Nf5 ({Reject} 23... Qxa3 24. Ra1 Qb3 25. Rxa7 $14) 24. Nxf5 exf5 25. Qe2 Rb6 26. Rxb6 Qxb6 $11 {[%emt 0:00:06][%mdl 4096] Endgame KQR-KQR} 27. Re1 Re8 28. Qc2 {[%emt 0:00:27] Prevents Qb3.} Qa5 {[%emt 0:02:31][%cal Ra5e1] [#]} 29. Rb1 Re6 (29... Qxa3 $15 30. Qd1 Qa6) 30. Kf2 (30. Qd1 $11) 30... Qxa3 $17 31. Qb3 {[%emt 0:01:07] [#]} ({White should try} 31. Kg3 $15) 31... Qxb3 $2 (31... Qa5 $1 $19 32. Rb2 Rb6) 32. Rxb3 $19 {[%emt 0:00:01] KR-KR. The position is equal.} Ra6 33. Rb5 Ra3 34. Rxc5 Rxd3 35. Rc8+ Kg7 36. Rc7 Kf8 37. Rxa7 Rd2+ 38. Kf3 Rc2 39. Ra8+ Kg7 40. Ra7 Kf8 41. Ra8+ Kg7 42. Ra7 Rc3+ 43. Kf2 Rxc4 44. e6 d3 45. Rxf7+ Kg8 46. Kf3 ({Much worse is} 46. Rd7 Rxf4+ 47. Kg1 Kf8 $17) 46... Re4 {[%emt 0:00:00] Weighted Error Value: White=0.11 (very precise) /Black=0.14 (very precise)} 1/2-1/2

[Event "Stare Mesto Open-A 2022"]
[Site "Stare Mesto"]
[Date "2022.08.16"]
[Round "5.8"]
[White "Murko, David"]
[Black "Travnicek, Krystof Mikulas"]
[Result "1-0"]
[ECO "B35"]
[WhiteElo "2213"]
[BlackElo "2138"]
[Annotator "TA"]
[PlyCount "99"]
[EventDate "2022.08.12"]
[EventType "swiss"]
[EventCountry "CZE"]
[SourceTitle "playchess.com"]
[Source "ChessBase"]
[SourceQuality "1"]
[TimeControl "40/5400+30:1800+30"]

1. e4 c5 2. Nf3 g6 3. d4 cxd4 4. Nxd4 Nc6 5. Nc3 Bg7 6. Be3 Nf6 7. Bc4 O-O 8. Bb3 Re8 {[%emt 0:00:50] B35: Sicilian: Accelerated Dragon with 5 Nc3: main line.} 9. h3 d6 10. O-O Na5 {[%emt 0:01:00] The position is equal.} 11. f4 b6 12. e5 Nxb3 13. axb3 dxe5 14. fxe5 (14. Ndb5 $5 Bb7 15. fxe5 $11) 14... Nd5 15. Qf3 {[%emt 0:17:12] [#]} Nxe3 $1 16. Qxe3 Bb7 $1 17. Nf3 {[%emt 0:00:50] [#]} a6 $146 ({Predecessor:} 17... Qc7 18. Nb5 Qc6 19. c4 a6 20. Nc3 b5 21. c5 Qe6 22. Ne4 h6 23. Ned2 Rad8 {0-1 (36) Dziewonski,D (2015)-Sopur,L (2413) Sypniewo 2021}) 18. Rad1 Qc7 19. e6 $1 $36 {[%emt 0:00:50][%mdl 2048] White has good play.} fxe6 20. Qxe6+ Kh8 21. Nd5 {[%emt 0:07:39] Pair of Knights!} Qg3 (21... Qxc2 $11 22. Ng5 (22. Qxb6 Rab8 $17) 22... h6) 22. Qxb6 ({White should try} 22. Nxb6 $16 Rf8 23. Qe1 Qxe1 24. Rfxe1 (24. Rdxe1 Bxf3 25. Nxa8 Bxa8 $11)) 22... Bxd5 23. Rxd5 Bxb2 24. Rfd1 Rac8 (24... Bf6 $14) 25. Rd8 $16 Kg7 {[%emt 0:13:26] aiming for ...Rexd8.} 26. Rxe8 Rxe8 27. Qxa6 Qc7 28. Qd3 Rc8 29. Rd2 ({Reject} 29. Nd4 $6 Qa7 30. Qe4 Bxd4+ 31. Rxd4 Rxc2 32. Qe5+ Kg8 33. Qd5+ Kg7 34. Qe5+ Kg8 35. Qe6+ Kh8 36. Qe5+ Kg8 $11) 29... Bf6 30. Kh1 Ra8 31. c4 Ra1+ 32. Rd1 Ra2 33. Nd4 {[%emt 0:03:04] Ne6+ is the strong threat.} Qe5 {[%emt 0:03:29] Inhibits Ne6+.} 34. b4 Rb2 35. b5 Kh6 (35... h5 $1 $14) 36. Nc6 Qg5 37. Qe4 {[%emt 0:00:21] Active counter play!} Kg7 38. Nd8 {[%emt 0:00:48] Hoping for Ne6+.} Qg3 {[%emt 0:00:31] And now ...Be5 would win.} 39. Nc6 {[%emt 0:00:43] Against Be5} (39. Ne6+ $16 Kh6 40. Qf4+ Qxf4 41. Nxf4) 39... h5 (39... Qg5 $1 $11 {remains equal.}) 40. Rf1 Rb3 41. Rf3 (41. Nxe7 $2 Be5 42. Qxg6+ (42. Kg1 $2 Qh2+ 43. Kf2 Rb2+ 44. Ke3 Rxg2 $19) 42... Qxg6 43. Nxg6 Kxg6 $19) (41. Qf4 $16) 41... Rxf3 $11 42. Qxf3 {[%emt 0:00:07][%mdl 4096] Endgame KQB-KQN} Qe1+ 43. Kh2 h4 {[%emt 0:06:08] [#]} (43... e5 $1 $14) 44. b6 $1 $16 Be5+ $2 {[%emt 0:02:04][%mdl 8192] This move loses the game for Black.} (44... Bc3 $16 45. b7 Be5+ 46. Nxe5 Qxe5+ 47. Kg1 Qe1+ 48. Qf1 Qb4) 45. Nxe5 $18 Qxe5+ 46. Kg1 {[%emt 0:00:24] Threatens to win with Qf1.} Qa1+ (46... Qe1+ 47. Qf1 Qe3+ 48. Qf2 Qc1+ 49. Kh2 Qxc4 50. Qb2+ Kg8) 47. Qf1 Qd4+ 48. Qf2 Qxc4 49. Qb2+ e5 50. Qxe5+ {[%emt 0:01:51] Weighted Error Value: White=0.17 (very precise) /Black=0.42} 1-0

[Event "Stare Mesto Open-A 2022"]
[Site "Stare Mesto"]
[Date "2022.08.17"]
[Round "6.1"]
[White "Neuman, Petr"]
[Black "Haba, Petr"]
[Result "1/2-1/2"]
[ECO "D14"]
[WhiteElo "2378"]
[BlackElo "2453"]
[Annotator "TA"]
[PlyCount "42"]
[EventDate "2022.08.12"]
[EventType "swiss"]
[EventCountry "CZE"]
[SourceTitle "playchess.com"]
[Source "ChessBase"]
[SourceQuality "1"]
[TimeControl "40/5400+30:1800+30"]

1. d4 d5 2. c4 c6 3. cxd5 cxd5 4. Nf3 Nf6 5. Nc3 Nc6 6. Bf4 Bf5 7. e3 e6 8. Bd3 Bxd3 9. Qxd3 Bd6 10. Bxd6 Qxd6 11. O-O O-O 12. Rfc1 {[%emt 0:00:24] [#]} {Predecessor:} Rfc8 $146 {D14: Slav Defence: Exchange variation with ...Bf5.} 13. h3 h6 14. Nd2 Nd7 15. a3 a6 16. Rc2 Ne7 17. Rac1 Rc6 18. Ne2 Rac8 19. Rxc6 Rxc6 20. Rxc6 Qxc6 21. Qc3 g5 {½-½ (36) Li,D (2579)-Ma,Q (2645) Hangzhou 2022} 1/2-1/2

[Event "Stare Mesto Open-A 2022"]
[Site "Stare Mesto"]
[Date "2022.08.17"]
[Round "6.2"]
[White "Cerveny, Martin"]
[Black "Babula, Vlastimil"]
[Result "1-0"]
[ECO "D10"]
[WhiteElo "2396"]
[BlackElo "2571"]
[Annotator "TA"]
[PlyCount "123"]
[EventDate "2022.08.12"]
[EventType "swiss"]
[EventCountry "CZE"]
[SourceTitle "playchess.com"]
[Source "ChessBase"]
[SourceQuality "1"]
[TimeControl "40/5400+30:1800+30"]

1. d4 d5 2. c4 c6 3. Nc3 Nf6 4. cxd5 cxd5 5. Bf4 Nc6 6. e3 a6 7. Bd3 Bg4 8. Nge2 e6 9. Bg5 {[%emt 0:00:51] D10: Slav Defence: 3 cxd5 (without early Nf3) and 3 Nc3.} Be7 {[%emt 0:05:39] [#]} 10. f3 $146 ({Predecessor:} 10. Qb3 Na5 11. Qc2 Bh5 12. Nf4 Bg6 13. Nxg6 hxg6 14. Rc1 Rc8 15. Qe2 Qd7 16. O-O O-O 17. Bxf6 gxf6 {½-½ (34) Cerveny,M (2329)-Caletka,R (2305) Czech Republic 2018}) 10... Bh5 $1 11. Nf4 {[%emt 0:00:08] Black must now prevent Bxf6. The position is equal.} Bg6 12. Nxg6 hxg6 13. O-O Bd6 14. f4 Qc7 15. h3 (15. g3 {with more complications.} Nb4 16. Be2 Ne4 17. a3) 15... Ng8 16. Qg4 Nh6 17. Bxh6 Rxh6 18. Rac1 f5 19. Qf3 Kf7 20. a3 Rc8 21. Na4 Rhh8 22. b4 Qd8 23. Nc5 Qe7 24. Rc2 a5 25. b5 Nb8 26. Rfc1 Rc7 27. Qf2 (27. b6 $14 Rc6 28. Bb5 Rxb6 29. Rb1) 27... Rhc8 28. b6 Rc6 (28... Rxc5 $5 29. dxc5 Rxc5 $11) 29. Bb5 Rxb6 30. a4 (30. Rb1 $5 ) 30... Nc6 31. Nd3 {[%emt 0:00:56][%mdl 1024] White has compensation.} Rc7 32. g4 Kg8 33. g5 Ba3 34. Ra1 Bd6 $1 35. Qd2 Qd8 (35... Na7 $11) 36. Rac1 $14 Ba3 37. Rb1 Bd6 38. Kg2 Na7 39. Rxc7 Qxc7 40. Rc1 Nc6 41. Nc5 Qe7 42. h4 Qf7 43. Kf2 Qe7 44. Qd1 (44. Nd3 $1 $16) 44... Qf7 45. Qe2 Bf8 {[%emt 0:00:00] White now steadily converts the win.} 46. Rh1 {[%emt 0:00:00] h5 is the strong threat.} Na7 47. h5 $1 {[%emt 0:00:00] 0x0.0002daf87212dp-1022s more active pieces. The black rooks are badly placed.} gxh5 (47... Nxb5 $142 48. hxg6 Qxg6 $1 49. axb5 e5) 48. Nd7 $18 Rxb5 (48... Nxb5 49. Nxb6 Nc3 50. Qxh5 Qxh5 51. Rxh5 Bd6) 49. Ne5 Qe8 50. g6 (50. axb5 g6 $16) 50... Rb2 51. Qxb2 {[%emt 0:00:00] White wants to mate with Qe2.} Nc6 52. Nf7 $2 (52. Qb5) 52... Nd8 $2 (52... Ne7 53. Ng5 (53. Qxb7 Nxg6 54. Ng5 Be7 $18) 53... Nc8 54. Qxb7 Nd6) 53. Nxd8 {[%emt 0:00:00] White threatens Nf7 and mate.} Qxd8 54. Rxh5 {[%emt 0:00:00] KQR-KQB} (54. Qe2 $142 h4 55. Qh5 Bc5 56. Rxh4 Kf8 57. Qh8+ Ke7 58. Qxg7+ Kd6 59. dxc5+ Kc6 60. Rh7) 54... Qe8 {[%emt 0:00:00] [#]} 55. Rg5 Be7 56. Rg1 Qxa4 57. Kf3 {[%emt 0:00:00] Threatens to win with Qh2.} Qb4 (57... Qe8 $18 58. Qxb7 Bd6) 58. Qh2 {[%emt 0:00:00] White mates.} Bf6 59. Rc1 Kf8 60. Rc7 Ke8 61. Qh8+ Qf8 62. Rc8+ {[%emt 0:00:00][%mdl 64] Skewer.  Weighted Error Value: White=0.28 (precise) /Black=0.47} 1-0

[Event "Stare Mesto Open-A 2022"]
[Site "Stare Mesto"]
[Date "2022.08.17"]
[Round "6.3"]
[White "Sramek, Vojtech"]
[Black "Husek, Martin"]
[Result "1-0"]
[ECO "B46"]
[WhiteElo "2249"]
[BlackElo "2132"]
[Annotator "NA RC"]
[PlyCount "81"]
[EventDate "2022.08.12"]
[EventType "swiss"]
[EventCountry "CZE"]
[SourceTitle "playchess.com"]
[Source "ChessBase"]
[SourceQuality "1"]
[TimeControl "40/5400+30:1800+30"]

1. e4 c5 2. Nf3 e6 3. d4 cxd4 4. Nxd4 Nc6 5. Nc3 a6 6. Be3 Nf6 7. Qf3 Bb4 8. Nxc6 bxc6 9. Bg5 h6 10. Bh4 d5 11. O-O-O Be7 12. g4 Rb8 13. Bg3 e5 14. Bxe5 Bxg4 15. Qg3 Bxd1 16. Bxb8 Nxe4 17. Nxe4 dxe4 18. Bc4 Bg5+ 19. Bf4 Bf3 20. Rg1 Qf6 21. Be3 Bxe3+ 22. fxe3 O-O 23. Bxa6 Ra8 24. Bc4 Ra5 25. Qb8+ Kh7 26. Qc7 Rg5 27. Rf1 Rf5 28. a4 Qg5 29. Re1 Qh4 30. Qg3 Qd8 31. h4 Rf6 32. Qe5 Qd7 33. a5 Rg6 34. a6 Rg2 35. Qd4 Qc7 36. b4 Rg6 37. a7 Qb7 38. Qc5 f5 39. Qf8 Rf6 40. Qg8+ Kg6 41. a8=Q 1-0